 Dungeon Crawl Stone Soup version 0.29.1-13-g9f3cf754e1 (webtiles) character file.

Game seed: 16360371424790948459

57 Descartes the Firebug (level 3, -3/19 HPs)
             Began as a Deep Elf Fire Elementalist on Jan 27, 2023.
             Slain by a goblin
             ... wielding a +0 club
             ... led by Robin
              (5 damage)
             ... on level 2 of the Dungeon.
             The game lasted 00:03:42 (1821 turns).

Descartes the Firebug (Deep Elf Fire Elementalist)  Turns: 1821, Time: 00:03:43

Health: -3/19      AC:  4    Str:  5    XL:     3   Next: 73%
Magic:  0/10       EV: 13    Int: 21    God:
Gold:   74         SH:  0    Dex: 15    Spells: 8/9 levels left

rFire   . . .      SeeInvis .   (no weapon)
rCold   . . .      Faith    .   (no shield)
rNeg    . . .      Spirit   .   a - +0 robe
rPois   .          Reflect  .   j - +0 helmet
rElec   .          Harm     .   (no cloak)
rCorr   .          Rampage  .   i - +0 pair of gloves
Will    .....                   (no boots)
Stlth   ++........              (no amulet)
HPRegen 0.06/turn               (no ring)
MPRegen 0.12/turn               (no ring)

@: no status effects
A: no striking features
a: no special abilities


You were on level 2 of the Dungeon.
You visited 1 branch of the dungeon, and saw 2 of its levels.

You collected 74 gold pieces.

Inventory:

Missiles
 p - 4 boomerangs
Armour
 a - a +0 robe (worn)
 i - a +0 pair of gloves (worn)
 j - a +0 helmet (worn)
Scrolls
 d - 2 scrolls of enchant weapon {unknown}
 e - a scroll of teleportation {unknown}
 h - a scroll of identify {unknown}
 o - a scroll of vulnerability {unknown}
Potions
 b - a potion of magic
 c - a potion of haste {unknown}
 f - a potion of flight {unknown}
 g - 2 potions of might {unknown}
 k - 2 potions of curing {unknown}
 l - a potion of heal wounds {unknown}
 m - a potion of lignification {unknown}
 n - a potion of degeneration {unknown}


   Skills:
 + Level 3.0 Dodging
 + Level 2.9 Stealth
 + Level 3.5 Spellcasting
 + Level 1.6 Conjurations
 + Level 3.6 Fire Magic
 + Level 1.0 Poison Magic
 + Level 1.2 Evocations


You had 8 spell levels left.
You knew the following spells:

 Your Spells              Type           Power      Damage    Failure   Level
a - Foxfire               Conj/Fire      56%        2x1d6     4%          1

Your spell library contained the following spells:

 Spells                   Type           Power      Damage    Failure   Level
 Scorch                   Fire           36%        2d6       4%          2
 Magic Dart               Conj           40%        1d5       6%          1
 Conjure Flame            Conj/Fire      14%        6-21      13%         3
 Call Imp                 Summ           3%         N/A       19%         2
 Inner Flame              Hex/Fire       11%        N/A       19%         3
 Mephitic Cloud           Conj/Pois/Air  7%         N/A       26%         3
 Flame Wave               Conj/Fire      14%        2d6       38%         4


Dungeon Overview and Level Annotations

Branches:
Dungeon (2/15)

Altars:

Annotations:
D:2 Robin


Message History

The goblin barely misses you.
Casting: Foxfire (safe; 4% risk of failure)
Confirm with . or Enter, or press ? or * to list all spells.
You don't have enough magic to cast this spell.
Unknown command.
Your foxfire dissipates!
The foxfire hits the goblin.
The goblin is moderately wounded.
The goblin barely misses you. The goblin attacks as you move away!
The goblin closely misses you. The goblin attacks as you move away!
The goblin hits you with a +0 club.
The hobgoblin no longer looks unusually strong.
The goblin no longer looks unusually strong.
The goblin attacks as you move away! The goblin hits you but does no damage.
Robin roars a battlecry!
The goblins go into a battle-frenzy!
The goblin attacks as you move away! The goblin closely misses you.
The goblin hits you with a +0 club.
You can't go up here!
You hit the goblin.
The goblin is moderately wounded.
The goblin misses you.
Casting: Foxfire (safe; 4% risk of failure)
Confirm with . or Enter, or press ? or * to list all spells.
You conjure some foxfire!
The goblin barely misses you.
You are not religious.
Casting: Foxfire (safe; 4% risk of failure)
Confirm with . or Enter, or press ? or * to list all spells.
You conjure some foxfire!
The foxfire hits the hobgoblin but does no damage.
The foxfire hits the hobgoblin.
The hobgoblin is heavily wounded.
The hobgoblin hits you.
* * * LOW HITPOINT WARNING * * *
The goblin hits you with a +0 club.
* * * LOW HITPOINT WARNING * * *
The foxfire hits Robin.
Robin is heavily wounded.
The goblin attacks as you move away! The goblin hits you with a +0 club.
You die...

##..........g...#####.##
##...........g...# #.#
###>.......>..#....# #.#
#.............####.## #.####
..#.......#######..# #.....
.........# #..## #[....
##..<...#### #.## ##....
.##).........####.#########....
........รท..#..@g...............
......)......gg...#######...#.
###.....######.#.............
##.[.## #..########.##.##
#..##### #.## ##..##.## #
##.....###.# ###..###.#
#####.....#####...## #.#
####.....##.### #.# ##.##....#
#.#


You could see Robin, a hobgoblin (strong) and a goblin (strong).

Vanquished Creatures
  An adder (D:2)
  A dart slug (D:1)
  4 ball pythons
  4 endoplasms
  9 goblins
  7 hobgoblins
  2 kobolds
  3 quokkas
  4 bats
  2 frilled lizards
  4 rats
41 creatures vanquished.

Vanquished Creatures (others)
  148 foxfires
148 creatures vanquished.

Grand Total: 189 creatures vanquished

Notes
Turn   | Place    | Note
-------+----------+-------------------------------------------
     0 | D:1      | Descartes the Deep Elf Fire Elementalist began the quest
                  | for the Orb.
     0 | D:1      | Reached XP level 1. HP: 10/10 MP: 6/6
   187 | D:1      | Found a faded altar of an unknown god.
   214 | D:1      | Reached XP level 2. HP: 15/15 MP: 1/8
  1265 | D:2      | Reached skill level 1 in Evocations
  1401 | D:2      | Reached XP level 3. HP: 19/19 MP: 7/9
  1799 | D:2      | Noticed Robin
  1803 | D:2      | Reached skill level 1 in Poison Magic
  1821 | D:2      | Slain by a goblin

Illustrated notes

Levels and vault maps discovered:
D:1:      lemuel_arrival_room, layout_basic, chequers_ecumenical_altar_simple
D:2:      layout_rooms, minmay_pentomino_t2, uniq_sigmund, uniq_robin

Skill      XL: |  1  2  3 |
---------------+----------+-----
Evocations     | 1 |  1.2
Dodging        | 3 |  3.0
Poison Magic   | 1 |  1.0
Stealth        | |  2.9
Spellcasting   | |  3.5
Conjurations   | |  1.6
Fire Magic     | |  3.6

Action                   || total
-------------------------++-------
Melee: Unarmed           ||     2
 Cast: Foxfire           ||    88
Armor: Robe              ||     4
Dodge: Dodged            ||     8
